 Dungeon Crawl Stone Soup version 0.26.0-16-gc1dbca0489 (webtiles) character file.

Game seed: 2724181012277313217

136101 zcampers the Minotaur Blade (level 16, -2/152 (155) HPs)
             Began as a Minotaur Berserker on Jan 21, 2021.
             Was a High Priest of Trog.
             Slain by a merfolk
             ... wielding a +0 trident
              (3 damage)
             ... while petrified by a catoblepas
             ... on level 4 of the Shoals.
             The game lasted 01:09:35 (24822 turns).

zcampers the Minotaur Blade (Minotaur Berserker)   Turns: 24822, Time: 01:09:36

HP:   -2/152 (155)  AC: 24    Str: 26    XL:     16   Next: 66%
MP:   13/13         EV:  2    Int:  6    God:    Trog [*****.]
Gold: 2487          SH:  0    Dex: 15    Spells: 15/15 levels left

rFire    . . .     SeeInvis .   I - +8 triple sword of Tortfeasance {vorpal, +Rage rC+}
rCold    + + .     Faith    .   (shield currently unavailable)
rNeg     + + +     Spirit   .   d - +5 ring mail {Will+}
rPois    ∞         Reflect  .   s - +2 hat
rElec    .         Harm     +   F - +2 cloak {Will+}
rCorr    +         Rampage  .   P - +1 pair of gloves of Understanding {Harm Slay+3}
Will     +++..                  m - +2 pair of boots {run}
Stlth    ++........             o - amulet of regeneration
HPRegen  0.75/turn              O - ring of Galekoi {rC+ rCorr}
MPRegen  0.13/turn              t - ring of Qukk {rPois Dex+2 Slay+6}

@: petrified, held, lightly drained, quick
A: retaliatory headbutt, horns 2, low mp 1, strong 1, no potion heal 1
a: Renounce Religion, Evoke Berserk Rage, Berserk, Trog's Hand, Brothers in Arms


You were on level 4 of the Shoals.
You worshipped Trog.
Trog was extremely pleased with you.
You visited 4 branches of the dungeon, and saw 27 of its levels.
You also visited: Ossuary, Gauntlet and Volcano.

You collected 2668 gold pieces.
You spent 181 gold pieces at shops.

Inventory:

Hand Weapons
 h - a +7 morningstar of flaming
 I - the +8 triple sword of Tortfeasance (weapon) {vorpal, +Rage rC+}
   (Trog gifted it to you on level 6 of the Lair of Beasts)

   It inflicts extra damage upon your enemies.
   It protects you from cold.
   It lets you go berserk.
Armour
 d - a +5 ring mail of willpower (worn)
 m - a +2 pair of boots of running (worn)
 s - a +2 hat (worn)
 F - a +2 cloak of willpower (worn)
 P - the +1 pair of gloves of Understanding (worn) {Harm Slay+3}
   (You found it on level 14 of the Dungeon)

   It affects your accuracy and damage with ranged weapons and melee attacks
   (+3).
   It increases damage dealt and taken.
Jewellery
 a - an uncursed ring of flight
 o - an amulet of regeneration (around neck)
 r - the ring of the Pariah {Ice rN++}
   (You found it on level 1 of the Shoals)

   [ring of ice]

   It enhances your ice magic.
   It makes you vulnerable to fire.
   It protects you from cold.
   It greatly protects you from negative energy.
 t - the ring of Qukk (right hand) {rPois Dex+2 Slay+6}
   (You found it on level 5 of the Lair of Beasts)

   [ring of poison resistance]

   It affects your dexterity (+2).
   It affects your accuracy and damage with ranged weapons and melee attacks
   (+6).
   It protects you from poison.
 O - the ring of Galekoi (left hand) {rC+ rCorr}
   (You found it on level 14 of the Dungeon)

   [ring of resist corrosion]

   It protects you from cold.
   It provides partial protection from all sources of acid and corrosion.
Wands
 e - a wand of digging (31)
 u - a wand of random effects (50)
 x - a wand of flame (27)
 y - a wand of iceblast (11)
 D - a wand of enslavement (4)
 J - a wand of polymorph (10)
 N - a wand of disintegration (41)
Scrolls
 b - 11 scrolls of identify
 k - 2 scrolls of teleportation
 l - 2 scrolls of blinking
 n - 15 scrolls of remove curse
 v - a scroll of holy word
 w - 6 scrolls of fog
 z - a scroll of enchant weapon
 E - a scroll of fear
 M - a scroll of magic mapping
Potions
 f - 2 potions of cancellation
 g - 2 potions of heal wounds
 i - 12 potions of curing
 j - 2 potions of flight
 p - a potion of resistance
 q - a potion of ambrosia
 B - 3 potions of berserk rage
 C - 3 potions of haste
Miscellaneous
 c - a lightning rod (4/4)


   Skills:
 + Level 17.3 Fighting
 + Level 23.3 Long Blades
 + Level 12.4 Armour
 + Level 11.7 Dodging
 + Level 4.1 Stealth
 + Level 0.6 Evocations


You had 15 spell levels left.
You didn't know any spells.
Your spell library was empty.

Dungeon Overview and Level Annotations

Branches:
Dungeon (15/15)            Temple (0/1) D:4            Lair (6/6) D:9
 Shoals (4/4) Lair:2       Spider (0/4) Lair:4          Orc (2/2) D:9
    Elf (0/3) Orc:2        Vaults (0/5) D:14         Depths (0/5) D:15
Ossuary (visited)         Volcano (visited)         Gauntlet (visited)
  Slime: Lair:5-6

Altars:
Ashenzari
Dithmenos
Kikubaaqudgha
Makhleb
Ru
Vehumet
Xom
Yredelemnul
Zin
Beogh

Shops:
D:4 ?   Orc:2 (([=

Portals:
Hell: Lair:6

Annotations:
Lair:6 exclusion: oklob plant
Shoals:4 Polyphemus


Innate Abilities, Weirdness & Mutations

You reflexively headbutt those who attack you in melee.
You have a pair of horns on your head.
Your magical capacity is low. (-10% MP)
Your muscles are strong. (Str +2)
Potions are less effective at restoring your health.


Message History

The merfolk aquamancer hits you with a +4 rapier of draining!
You feel drained. The death yak gores you!!
* * * LOW HITPOINT WARNING * * *
The merfolk hits you but does no damage. x2
The death yak is engulfed in calcifying dust.
The snapping turtle bites you from afar!!
* * * LOW HITPOINT WARNING * * *
You have turned to stone.
The merfolk aquamancer hits you with a +4 rapier of draining.
* * * LOW HITPOINT WARNING * * *
The death yak gores you!!
* * * LOW HITPOINT WARNING * * *
Your deep troll rages.
The catoblepas breathes a plume of calcifying dust at you.
The blast of calcifying dust hits the death yak but does no damage.
The blast of calcifying dust hits you!
* * * LOW HITPOINT WARNING * * *
The blast of calcifying dust hits your deep troll but does no damage.
The merfolk hits you from afar with a +0 trident.
You die...

Y.......)#####
≈......E.....##.
≈.§.C≈≈..≈≈.....
≈P...Y...≈≈≈...≈
PP..m.Y.....≈.≈≈
PP...Y§m.m...≈≈≈
#≈...t.§≈≈≈..≈≈≈
#≈≈...Y@m≈≈≈≈≈≈≈
#≈≈≈....T.≈≈≈≈≈≈
#≈≈.....§..≈≈≈≈≈
#≈?......§.≈≈≈≈≈
.......(...≈≈≈≈≈
...........≈≈≈≈≈
............≈≈≈≈
...≈≈.......≈≈≈≈
≈≈≈≈≈≈≈≈....####


You could see Polyphemus, 3 death yaks, a catoblepas, a merfolk aquamancer, a
snapping turtle, 3 merfolk, a water elemental and a friendly deep troll
(summoned, berserk).

Vanquished Creatures
  Jorgrun (Shoals:1)
  Rupert (Orc:2)
  2 liches (D:14)
  Gastronok (D:8)
  The ghost of LaularuKyrumo the Fencer, an adept NaBe of Trog (Shoals:3)
  Kirke (Lair:5)
  Agnes (D:15)
  The ghost of Ficoysum the Archer, a journeyman GnWn of Zin (D:14)
  Aizul (Shoals:3)
  The ghost of Cicylist the Cleaver, a journeyman FoFi of Okawaru (D:14)
  The ghost of zcampers the Severer, a journeyman MiBe of Trog (D:14)
  Snorg (D:12)
  Fannar (D:11)
  3 ogre magi
  2 catoblepae
  Harold (Lair:1)
  5 hydras
  A centaur warrior (D:13)
  3 death knights
  15 two-headed ogres
  2 merfolk aquamancers
  A satyr (Shoals:3)
  Nergalle (Lair:1)
  A sixfirhy (Lair:6)
  7 skeletal warriors
  8 sea snakes
  2 unseen horrors
  A deep troll (Orc:2)
  3 wizards
  A phantasmal warrior (D:15)
  4 orc knights
  A wolf spider zombie (D:13)
  3 harpies (Shoals:3)
  A deep elf mage (D:15)
  22 ugly things
  2 necromancers (D:14)
  7 manticores
  7 fauns
  7 cyclopes
  7 elephants
  5 merfolk sirens
  A naga mage (D:15)
  Psyche (D:11)
  Maurice (Orc:2)
  6 black mambas
  4 water nymphs
  Maggie (D:9)
  A gargoyle (D:12)
  7 komodo dragons
  A smoke demon (Lair:6)
  8 cane toads
  A torpor snail (Lair:6)
  4 rime drakes
  An orange demon (Lair:6)
  3 freezing wraiths
  A tengu conjurer (D:13)
  2 ice devils (Lair:6)
  2 red devils (Lair:6)
  2 meliai (D:12)
  12 merfolk
  3 polar bears
  2 wind drakes
  6 jumping spiders (Lair:4)
  12 trolls
  7 blink frogs
  2 hornets
  3 snapping turtles
  3 slime creatures (D:13)
  2 shadows
  3 centaur simulacra (Gauntlet)
  3 redbacks (Lair:4)
  A vampire (D:11)
  2 wyverns
  6 wraiths
  9 water elementals
  32 yaks
  4 basilisks
  Grum (D:11)
  A chaos spawn (Gauntlet)
  7 vampire mosquitoes
  Menkaure (D:4)
  5 wargs
  The ghost of qqq123 the Shield-Bearer, an amateur GrFi (D:3)
  5 hell hounds (Lair:6)
  12 water moccasins
  5 sky beasts
  16 orc warriors
  2 black bears
  5 phantoms
  6 necrophages (Lair:4)
  2 ice beasts
  An eye of draining (shapeshifter) (D:15)
  35 ogres
  An eye of draining (D:11)
  8 wolves
  17 centaurs
  10 bullfrogs
  A gnoll sergeant (D:6)
  A cane toad simulacrum (Gauntlet)
  A wyvern skeleton (D:11)
  3 scorpions
  9 killer bees
  18 wights
  2 howler monkeys
  2 electric eels (D:9)
  3 vampire bats (D:6)
  4 bullfrog zombies
  5 hounds
  A wyvern simulacrum (Gauntlet)
  5 centaur zombies
  A gnoll shaman (D:5)
  10 orc priests
  6 jellies
  7 centaur skeletons
  14 orc wizards
  4 bullfrog skeletons
  Jessica (D:2)
  An iguana (D:13)
  9 worker ants
  A big kobold zombie (Ossuary)
  3 hound skeletons
  5 mummies (Ossuary)
  2 worker ant zombies (D:6)
  A howler monkey skeleton (D:6)
  A howler monkey zombie (D:6)
  11 gnolls
  2 river rats (D:6)
  13 adders
  A shadow imp (D:5)
  2 white imps
  An ufetubus (D:5)
  2 oozes
  An adder zombie (D:5)
  An adder skeleton (D:8)
  2 worms (D:2)
  2 dart slugs (D:1)
  6 leopard geckos
  74 orcs
  2 ball pythons
  13 bats
  A bat skeleton (D:6)
  3 bat zombies (D:6)
  4 giant cockroaches
  4 goblins
  11 hobgoblins
  5 jackals
  3 quokkas
  7 frilled lizards
  3 hobgoblin zombies (Ossuary)
  10 kobolds
  A leopard gecko zombie (D:7)
  11 rats
  3 tentacles (Shoals:1)
757 creatures vanquished.

Vanquished Creatures (collateral kills)
  A slime creature (D:15)
  A minotaur (Gauntlet)
  A dire elephant (Lair:6)
  A green death (Gauntlet)
  2 boulder beetles
  A merfolk avatar (Shoals:2)
  An orc knight (Orc:2)
  An orc sorcerer (Orc:2)
  2 elephants (Lair:5)
  An orange demon (Gauntlet)
  A merfolk (Shoals:2)
  5 dream sheep (Lair:6)
  A neqoxec (Gauntlet)
  3 hogs (Lair:5)
  A chaos spawn (Gauntlet)
  An orc warrior (Orc:2)
  2 wolves (D:9)
  2 wights
  A centaur zombie (Ossuary)
  3 hounds (D:9)
  An orc wizard (Orc:2)
  3 big kobold zombies (Ossuary)
  An orc (D:9)
37 creatures vanquished.

Vanquished Creatures (others)
  An orc (D:13)
  18 fungi
  37 plants
  5 tentacles (Shoals:1)
61 creatures vanquished.

Grand Total: 855 creatures vanquished

Notes
Turn   | Place    | Note
-------+----------+-------------------------------------------
     0 | D:1      | zcampers the Minotaur Berserker began the quest for the
                  | Orb.
     0 | D:1      | Reached XP level 1. HP: 19/19 MP: 0/0
   281 | D:1      | Reached XP level 2. HP: 22/27 MP: 1/1
   284 | D:1      | Reached skill level 4 in Long Blades
   710 | D:1      | Reached XP level 3. HP: 32/33 MP: 2/2
   862 | D:2      | Noticed Jessica
   872 | D:2      | Killed Jessica
   910 | D:2      | Noticed an ogre
   914 | D:2      | Reached ** piety under Trog
   917 | D:2      | Killed an ogre
   918 | D:2      | Reached skill level 5 in Long Blades
   918 | D:2      | Reached XP level 4. HP: 41/41 MP: 3/3
   918 | D:2      | Reached XP level 5. HP: 47/47 MP: 4/4
  1452 | D:2      | Noticed a sky beast
  1464 | D:2      | Killed a sky beast
  1465 | D:2      | Reached skill level 5 in Fighting
  1465 | D:2      | Reached skill level 6 in Long Blades
  1465 | D:2      | Reached XP level 6. HP: 50/56 MP: 5/5
  1614 | D:2      | Noticed a sky beast
  1623 | D:2      | Killed a sky beast
  1834 | D:3      | Found a faded altar of an unknown god.
  1911 | D:3      | Reached *** piety under Trog
  1947 | D:3      | Reached skill level 7 in Long Blades
  2234 | D:3      | Reached XP level 7. HP: 60/61 MP: 6/6
  2637 | D:3      | Found a runed translucent gate.
  2639 | D:3      | Found a runed translucent gate.
  2639 | D:3      | Found a runed translucent gate.
  2643 | D:3      | Noticed qqq123's ghost (amateur GrFi)
  2667 | D:3      | Killed qqq123's ghost
  2933 | D:4      | Found Vuiq's Magic Scroll Boutique.
  2933 | D:4      | Found a staircase to the Ecumenical Temple.
  2942 | D:4      | Bought a scroll of teleportation for 33 gold pieces
  2946 | D:4      | Bought a scroll of blinking for 82 gold pieces
  2946 | D:4      | Bought a scroll of identify for 22 gold pieces
  2946 | D:4      | Bought a scroll of identify for 22 gold pieces
  2946 | D:4      | Bought a scroll of identify for 22 gold pieces
  3144 | D:4      | Noticed Menkaure
  3150 | D:4      | Killed Menkaure
  3151 | D:4      | Reached skill level 8 in Long Blades
  3151 | D:4      | Reached skill level 5 in Armour
  3209 | D:4      | Found a sacrificial altar of Ru.
  3468 | D:5      | Entered Level 5 of the Dungeon
  3646 | D:5      | Reached XP level 8. HP: 70/70 MP: 7/7
  3852 | D:5      | Found a glowing silver altar of Zin.
  4003 | D:5      | Reached skill level 9 in Long Blades
  4132 | D:5      | Reached **** piety under Trog
  4214 | D:6      | Found an ancient bone altar of Kikubaaqudgha.
  4498 | D:6      | Reached skill level 10 in Long Blades
  4507 | D:6      | Reached skill level 5 in Dodging
  4595 | D:6      | Found a shimmering altar of Xom.
  4705 | D:6      | Reached XP level 9. HP: 68/79 MP: 8/8
  4912 | D:6      | Reached skill level 1 in Stealth
  5263 | D:6      | Found a shadowy altar of Dithmenos.
  5747 | D:7      | Reached skill level 11 in Long Blades
  6207 | D:7      | Found a radiant altar of Vehumet.
  6685 | D:8      | Reached skill level 12 in Long Blades
  6702 | D:8      | Noticed Gastronok
  6726 | D:8      | Killed Gastronok
  6727 | D:8      | Reached skill level 13 in Long Blades
  6727 | D:8      | Reached XP level 10. HP: 30/90 MP: 9/9
  7070 | D:8      | Found a sand-covered staircase.
  7082 | Ossuary  | Entered an ossuary
  7444 | D:8      | Found a basalt altar of Yredelemnul.
  7615 | D:9      | Noticed Maggie
  7631 | D:9      | Killed Maggie
  7964 | D:9      | Found a staircase to the Orcish Mines.
  8134 | D:9      | Found a staircase to the Lair.
  8145 | D:9      | Reached skill level 14 in Long Blades
  8256 | D:9      | Reached XP level 11. HP: 99/99 MP: 10/10
  8371 | D:10     | Entered Level 10 of the Dungeon
  8405 | D:10     | Reached ***** piety under Trog
  9328 | Lair:1   | Entered Level 1 of the Lair of Beasts
  9333 | Lair:1   | Found a gate leading to a gauntlet.
  9359 | Gauntlet | Entered a Gauntlet
  9359 | Gauntlet | Found a transporter.
  9359 | Gauntlet | Found a transporter.
  9359 | Gauntlet | Noticed a queen ant
  9371 | Gauntlet | Found a transporter.
  9371 | Gauntlet | Found a transporter.
  9378 | Gauntlet | Reached skill level 10 in Fighting
  9384 | Gauntlet | Found a transporter.
  9384 | Gauntlet | Found a transporter.
  9433 | Gauntlet | Found a transporter.
  9436 | Gauntlet | Found a transporter.
  9437 | Gauntlet | Found a transporter.
  9437 | Gauntlet | Found a transporter.
  9439 | Gauntlet | Noticed a green death
  9456 | Gauntlet | Gained mutation: Your magical capacity is low. (-10% MP) [a
                  | neqoxec]
  9472 | Gauntlet | Noticed a ghost crab
  9495 | Gauntlet | Found a transporter.
  9540 | Gauntlet | Found a runed translucent door.
  9541 | Gauntlet | Found a transporter.
  9556 | Gauntlet | Killed a green death
  9651 | Gauntlet | Noticed a minotaur
  9658 | Gauntlet | Killed a minotaur
  9671 | Gauntlet | Identified the Papyrus of Poison and Stones
  9674 | Gauntlet | Identified the Catalogue of the Blaze
  9790 | Gauntlet | Identified a +2 pair of boots of running (You found it in a
                  | Gauntlet)
  9881 | Lair:1   | Noticed Nergalle
  9890 | Lair:1   | Killed Nergalle
  9891 | Lair:1   | Reached skill level 15 in Long Blades
 10093 | Lair:1   | Noticed Harold
 10111 | Lair:1   | Killed Harold
 10608 | Lair:2   | Got a crude mace
 10609 | Lair:2   | Identified the +4 mace of Pyrues {freeze, rC+ SInv} (You
                  | found it on level 2 of the Lair of Beasts)
 10895 | Lair:2   | Reached skill level 16 in Long Blades
 10895 | Lair:2   | Found a staircase to the Shoals.
 10985 | Lair:2   | Reached XP level 12. HP: 109/110 MP: 9/9
 11347 | Lair:3   | You fall into a shaft and drop 2 floors!
 11398 | Lair:5   | Noticed Kirke
 11436 | Lair:5   | Killed Kirke
 11444 | Lair:5   | Got a serpentine brass ring
 11447 | Lair:5   | Identified the ring of Qukk {rPois Dex+2 Slay+6} (You found
                  | it on level 5 of the Lair of Beasts)
 11476 | Lair:3   | Noticed a six-headed hydra
 11485 | Lair:3   | Killed an eight-headed hydra
 11544 | Lair:3   | Noticed an eight-headed hydra
 11549 | Lair:3   | Killed an 11-headed hydra
 11596 | Lair:3   | Found a dark tunnel.
 11628 | Volcano  | Entered a volcano
 11758 | Lair:3   | Reached skill level 17 in Long Blades
 12149 | Lair:4   | Noticed a catoblepas
 12178 | Lair:4   | Killed a catoblepas
 12500 | Lair:4   | Found a hole to the Spider Nest.
 12867 | Lair:4   | Noticed a five-headed hydra
 12874 | Lair:4   | Killed an eight-headed hydra
 13309 | Lair:5   | Reached XP level 13. HP: 98/119 MP: 10/10
 13924 | Lair:6   | Entered Level 6 of the Lair of Beasts
 13934 | Lair:6   | Reached skill level 10 in Armour
 13990 | Lair:6   | Reached skill level 18 in Long Blades
 14449 | Lair:6   | Noticed a dire elephant
 14454 | Lair:6   | Killed a dire elephant
 14563 | Lair:6   | Received a gift from Trog
 14622 | Lair:6   | Got a dazzling triple sword {god gift}
 14623 | Lair:6   | Identified the +8 triple sword of Tortfeasance {vorpal,
                  | +Rage rC+} (Trog gifted it to you on level 6 of the Lair of
                  | Beasts)
 14692 | Lair:6   | Found a burning altar of Makhleb.
 14706 | Lair:6   | Reached skill level 10 in Dodging
 14728 | Lair:6   | Found a gateway to Hell.
 15976 | D:11     | Noticed Grum
 15979 | D:11     | Noticed Fannar
 15987 | D:11     | Killed Grum
 15997 | D:11     | Killed Fannar
 15998 | D:11     | Reached skill level 19 in Long Blades
 16280 | D:11     | Noticed Psyche
 16285 | D:11     | Killed Psyche
 16612 | D:12     | Reached XP level 14. HP: 101/132 MP: 11/11
 17129 | D:12     | Noticed Snorg
 17142 | D:12     | Killed Snorg
 17540 | D:12     | Lost mutation: Your magical capacity is low. (-10% MP)
                  | [potion of mutation]
 17540 | D:12     | Gained mutation: Potions are less effective at restoring
                  | your health. [potion of mutation]
 17540 | D:12     | Gained mutation: Your magical capacity is low. (-10% MP)
                  | [potion of mutation]
 17540 | D:12     | Gained mutation: Your muscles are strong. (Str +2) [potion
                  | of mutation]
 17541 | D:12     | Identified a scroll of acquirement
 17546 | D:12     | Acquired the +8 chain mail of Lugonu's Esteem {Harm +Blink
                  | rF- Int+2}
 17633 | D:13     | Reached skill level 20 in Long Blades
 17817 | D:13     | You fall into a shaft and drop 2 floors!
 17817 | D:15     | Entered Level 15 of the Dungeon
 18073 | D:15     | Reached skill level 15 in Fighting
 18298 | D:15     | Received a gift from Trog
 18569 | D:15     | Noticed Agnes
 18573 | D:15     | Killed Agnes
 18574 | D:15     | Reached XP level 15. HP: 141/141 MP: 12/12
 18669 | D:15     | Reached skill level 21 in Long Blades
 18906 | D:15     | Found a staircase to the Depths.
 19204 | D:14     | Found a gate to the Vaults.
 19462 | D:14     | Found a runed translucent gate.
 19462 | D:14     | Found a runed translucent gate.
 19462 | D:14     | Found a runed translucent gate.
 19467 | D:14     | Found a broken altar of Ashenzari.
 19865 | D:14     | Found an ancient bone altar of Kikubaaqudgha.
 19865 | D:14     | Noticed zcampers's ghost (journeyman MiBe)
 19865 | D:14     | Noticed Cicylist's ghost (journeyman FoFi)
 19865 | D:14     | Noticed Ficoysum's ghost (journeyman GnWn)
 19865 | D:14     | Noticed a lich
 19865 | D:14     | Noticed a lich
 19889 | D:14     | Killed a lich
 19894 | D:14     | Killed a lich
 19897 | D:14     | Killed Cicylist's ghost
 19902 | D:14     | Killed zcampers's ghost
 19917 | D:14     | Killed Ficoysum's ghost
 19921 | D:14     | Identified the Almanac of the Traveller and Ice
 19923 | D:14     | Got a smoking lead ring
 19933 | D:14     | Got a pair of translucent gloves
 19964 | D:14     | Identified the +1 pair of gloves of Understanding {Harm
                  | Slay+3} (You found it on level 14 of the Dungeon)
 19969 | D:14     | Identified the ring of Galekoi {rC+ rCorr} (You found it on
                  | level 14 of the Dungeon)
 20589 | D:13     | Reached skill level 22 in Long Blades
 21153 | Orc:1    | Entered Level 1 of the Orcish Mines
 21395 | Orc:2    | Entered Level 2 of the Orcish Mines
 21395 | Orc:2    | Noticed Rupert
 21402 | Orc:2    | Killed Rupert
 21406 | Orc:2    | Received a gift from Trog
 21529 | Orc:2    | Found a roughly hewn altar of Beogh.
 21653 | Orc:2    | Found a staircase to the Elven Halls.
 21705 | Orc:2    | Found Roykh's Armour Shoppe.
 21746 | Orc:2    | Noticed Maurice
 21750 | Orc:2    | Reached XP level 16. HP: 81/152 MP: 13/13
 22052 | Orc:2    | Killed Maurice
 22129 | Orc:2    | Found Owaonac's Jewellery Emporium.
 22130 | Orc:2    | Found Wydecwaw's Antique Weapon Boutique.
 22151 | Orc:2    | Found Itanuf's Antique Weapon Emporium.
 22480 | Shoals:1 | Entered Level 1 of the Shoals
 22516 | Shoals:1 | Got a warped ivory ring
 22518 | Shoals:1 | Identified the ring of the Pariah {Ice rN++} (You found it
                  | on level 1 of the Shoals)
 22554 | Shoals:1 | Noticed Jorgrun
 22567 | Shoals:1 | Killed Jorgrun
 22668 | Shoals:1 | Found a basalt altar of Yredelemnul.
 22791 | Shoals:1 | Noticed a kraken
 23162 | Shoals:2 | Received a gift from Trog
 23619 | Shoals:2 | Reached skill level 23 in Long Blades
 24030 | Shoals:3 | Found a runed translucent door.
 24031 | Shoals:3 | Noticed LaularuKyrumo's ghost (adept NaBe)
 24045 | Shoals:3 | Killed LaularuKyrumo's ghost
 24590 | Shoals:3 | Noticed Aizul
 24603 | Shoals:3 | Killed Aizul
 24815 | Shoals:4 | Entered Level 4 of the Shoals
 24817 | Shoals:4 | Noticed Polyphemus
 24822 | Shoals:4 | HP: 6/152 [death yak[Polyphemus] (12)]
 24822 | Shoals:4 | HP: 1/152 [catoblepas/blast of calcifying dust[Polyphemus]
                  | (5)]
 24822 | Shoals:4 | Slain by a merfolk

Illustrated notes

Levels and vault maps discovered:
D:1:      evilmike_arrival_fibonacci_small, layout_loops_ring,
          minmay_misc_feat_x
D:2:      layout_loops_ring, uniq_jessica
D:3:      minmay_inner_zag, layout_basic, ebering_ghost_rock_garden,
          chequers_ecumenical_altar_simple
D:4:      layout_gridville, nicolae_ru_awakened_eye,
          minmay_temple_entry_butterflies, serial_shops, shop, uniq_menkaure
D:5:      layout_rooms, zin_treasury
D:6:      layout_basic, kennysheep_vampire_church, kennysheep_mini,
          portal_sewer_entry_e, basic_altar
D:7:      layout_loops_ring, overflow_temple_1_default
D:8:      layout_loops_ring, lemuel_doored_altar,
          nicolae_ossuary_entry_monument, uniq_gastronok
D:9:      layout_loops_ring, erik_lair_island, david_orc_3, uniq_maggie
D:10:     layout_stronghold
D:11:     layout_loops_ring, uniq_fannar, uniq_grum, uniq_psyche
D:12:     layout_basic, eino_jars, uniq_snorg
D:13:     layout_irregular_city
D:14:     layout_basic, david_vaults_1, lemuel_crystal_altar,
          gammafunk_ghost_crypt
D:15:     grunt_enter_depths_magical_seal, layout_loops_ring,
          hangedman_decor_push, uniq_agnes
Lair:1:   layout_big_grid, gauntlet_entry_generic, uniq_nergalle, uniq_harold
Lair:2:   layout_roguey, elwin_shoals_entry_stream, lemuel_fruit_fields,
          infiniplex_staircase_pool_2
Lair:3:   layout_chaotic_city, nicolae_volcano_entry_s_turn, grunt_megastairs_1
Lair:4:   layout_small_grid, nicolae_spider_entry_tight_spaces,
          roderic_carrion_pond
Lair:5:   layout_big_grid, uniq_kirke
Lair:6:   evil_forest, layout_layer_cave, minmay_slime_entry_oklob_enclosed,
          chequers_serial_rivers_room_b, grunt_megastairs_5
Shoals:1: layout_shoals, lemuel_centaur_altar, uniq_jorgrun, uniq_louise
Shoals:2: layout_shoals
Shoals:3: layout_shoals, gammafunk_ghost_grave, nicolae_shoals_square_sea_wall,
          uniq_aizul
Shoals:4: shoals_end_simple, layout_shoals,
          portal_ice_cave_entry_ice_statue_two, serial_shops,
          nicolae_shop_overgrown_old_shop, shop_fountains, nicolae_shop_crystal,
          shop, shop, uniq_polyphemus, uniq_donald, uniq_bai_suzhen
Orc:1:    layout_caves
Orc:2:    st_orc_open, layout_caves, basic_altar, uniq_rupert, uniq_maurice

Skill      XL: |  1  2  3  4  5  6  7  8  9 10 11 12 13 14 15 16 |
---------------+-------------------------------------------------+-----
Long Blades    | 4 5 6 7 8 10 13 14 16 17 19 20 22 23 | 23.3
Fighting       | 4 5 6 7 8 9 11 12 14 15 16 17 | 17.3
Armour         | 3 4 5 6 7 8 9 11 12 | 12.4
Dodging        | 3 4 5 6 7 8 9 10 11 | 11.7
Stealth        | 1 2 3 4 |  4.1
Evocations     | |  0.6

Action                   |  1- 3 |  4- 6 |  7- 9 | 10-12 | 13-15 | 16-18 || total
-------------------------+-------+-------+-------+-------+-------+-------++-------
Melee: Falchion          |    53 |    91 |       |       |       |       ||   144
       Headbutt          |     6 |    21 |    73 |   102 |   182 |    34 ||   418
       Long sword        |       |    24 |   328 |   126 |       |       ||   478
       Great sword       |       |       |       |   240 |   120 |       ||   360
       Triple sword      |       |       |       |       |   505 |   147 ||   652
Invok: Berserk           |     1 |     2 |     6 |     7 |    10 |     2 ||    28
       Trog's Hand       |       |     2 |     4 |     5 |    11 |     3 ||    25
       Brothers in Arms  |       |       |       |     6 |     6 |     3 ||    15
Evoke: Lightning rod     |       |       |       |     1 |       |       ||     1
       Wand              |       |       |       |       |     4 |       ||     4
  Use: Scroll            |       |     5 |     5 |    12 |    19 |     1 ||    42
       Potion            |       |     4 |     3 |     7 |    11 |     1 ||    26
 Stab: Sleeping          |       |       |       |       |     3 |     1 ||     4
       Petrifying        |       |       |       |       |     1 |       ||     1
       Confused          |       |       |       |       |     1 |       ||     1
Armor: Ring mail         |    30 |    63 |   155 |   183 |   321 |    97 ||   849
Dodge: Dodged            |    34 |    89 |   239 |   345 |   564 |   211 ||  1482
       Rpst.: Falchion   |     8 |    22 |       |       |       |       ||    30
       Long sword        |       |     6 |    60 |    27 |       |       ||    93
       Great sword       |       |       |       |    59 |    18 |       ||    77
       Triple sword      |       |       |       |       |    85 |    28 ||   113
